Map: Polka LE

Players

qqq

  • Race: Zerg Zerg
  • Spawn Location: 11:00

Massa

  • Race: Terran Terran
  • League: Platinum
  • Spawn Location: 11:00

Peace

  • Race: Terran Terran
  • Spawn Location: 5:00

MisterKoral

  • Race: Zerg Zerg
  • Spawn Location: 5:00

VOD

Have the link to the VOD?

Description

Time

  • Played on: March 18, 2021, 4:34 p.m.
  • Length: 20:21
Show
View Real Time Build Order
Export as new Build Order

qqq Zerg 

Build Orders: Hatch First 

Get SALT Encoding   

  12  0:01  Drone  
  13  0:13  Drone  
  14  0:19  Overlord  
  14  0:47  Hatchery  
  13  0:51  Drone  
  13  0:52  Drone  
  13  0:56  Drone  
  16  1:18  Drone, Spawning Pool  
  15  1:20  Drone  
  17  1:26  Drone  
  18  1:38  Extractor, Drone  
  18  1:46  Drone  
  19  1:57  Drone  
  20  2:04  Drone  
  20  2:06  Queen x2  
  24  2:17  Roach Warren  
  24  2:18  Drone  
  24  2:22  Overlord  
  24  2:25  Drone  
  24  2:28  Drone  
  26  2:32  Drone  
  26  2:36  Drone  
  28  2:41  Metabolic Boost  
  28  2:47  Drone  
  28  2:49  Drone  
  30  2:53  Zergling x2  
  30  2:55  Overlord  
  31  3:03  Zergling x2  
  31  3:04  Zergling x2  
  33  3:10  Zergling x2  
  34  3:21  Zergling x6  
  34  3:23  Overlord  
  34  3:24  Roach x2  
  34  3:26  Roach  
  43  3:28  Drone  
  44  3:37  Overlord  
  44  3:39  Overlord  
  44  3:42  Roach  
  44  3:46  Zergling x2  
  47  3:50  Roach  
  49  4:02  Zergling x2, Roach x2  
  54  4:03  Zergling x2  
  54  4:04  Overlord  
  55  4:13  Zergling x2  
  55  4:14  Roach x2  
  55  4:15  Zergling x2  
  61  4:18  Drone  
  61  4:39  Roach x2  
  61  4:40  Zergling x10, Roach x2  
  74  4:49  Extractor  
  74  4:50  Zergling x4  
  67  5:40  Roach x2  
  67  5:41  Drone x4  
  67  5:42  Overlord x3  
  75  5:43  Overlord  
  75  5:47  Hatchery  
  75  5:49  Extractor  
  73  5:51  Extractor  
  73  5:53  Drone x2  
  73  5:56  Lair  
  75  5:57  Drone  
  75  5:59  Spore Crawler  
  75  6:01  Spore Crawler  
  75  6:02  Drone  
  74  6:06  Drone  
  75  6:12  Drone  
  75  6:15  Pneumatized Carapace  
  76  6:20  Zergling x2  
  76  6:21  Zergling x4  
  76  6:22  Drone  
  76  6:24  Drone  
  81  6:35  Drone x4  
  85  6:59  Zergling x8, Roach x4  
  97  7:07  Roach  
  97  7:08  Drone x2  
  79  7:45  Drone, Roach x3  
  79  7:46  Drone x8  
  79  7:47  Drone  
  95  7:55  Hydralisk Den, Glial Reconstitution  
  95  7:56  Evolution Chamber  
  95  7:57  Evolution Chamber  
  95  7:58  Drone x3  
  95  8:12  Roach x4  
  103  8:13  Roach  
  104  8:38  Roach x2  
  104  8:39  Roach x5  
  94  8:56  Zergling x10  
  99  9:05  Spire  
  99  9:07  Spore Crawler  
  99  9:09  Drone x3, Spore Crawler  
  97  9:10  Spore Crawler  
  97  9:13  Extractor, Spore Crawler  
  97  9:15  Extractor  
  85  9:22  Hydralisk x3  
  79  9:27  Drone x3  
  79  9:29  Queen  
  80  9:37  Spore Crawler  
  79  9:41  Spore Crawler  
  78  9:50  Drone x2  
  78  9:51  Drone x4  
  84  10:04  Queen  
  86  10:08  Infestation Pit  
  85  10:16  Mutalisk x2  
  85  10:17  Mutalisk x8  
  85  10:20  Zerg Flyer Weapons Level 1  
  105  10:22  Overlord  
  105  10:26  Overlord  
  87  11:04  Mutalisk x7  
  66  11:05  Mutalisk x2  
  83  11:16  Mutalisk  
  83  11:17  Mutalisk x2  
  89  11:23  Drone x3  
  89  11:24  Drone x3  
  93  11:50  Mutalisk x5  
  93  11:52  Drone x3  
  106  11:54  Overlord x3  
  92  12:16  Mutalisk x2  
  92  12:17  Mutalisk  
  92  12:22  Hive  
  96  12:26  Drone x2  
  96  12:27  Drone x2  
  100  12:45  Corruptor  
  100  12:46  Corruptor  
  100  12:47  Drone  
  100  12:48  Drone x6  
  100  12:49  Hatchery  
  110  13:00  Lurker Den  
  110  13:03  Overlord  
  110  13:04  Mutalisk, Overlord  
  111  13:07  Zerg Flyer Armor Level 1  
  111  13:10  Mutalisk  
  111  13:11  Drone  
  111  13:12  Drone  
  115  13:22  Hatchery  
  114  13:38  Mutalisk x5  
  110  13:51  Mutalisk x2  
  98  14:17  Mutalisk x3  
  98  14:18  Mutalisk  
  98  14:21  Drone x3  
  105  14:31  Hydralisk x2  
  105  14:32  Hydralisk x3  
  113  14:53  Mutalisk x2  
  113  14:57  Hatchery, Spore Crawler  
  112  15:00  Spine Crawler x3  
  108  15:07  Drone x6  
  108  15:08  Drone x3, Mutalisk  
  118  15:15  Lurker x4  
  118  15:18  Zergling x4  
  118  15:19  Zergling x2  
  118  15:21  Queen  
  127  15:28  Extractor  
  126  15:38  Viper x2  
  124  16:11  Mutalisk x4, Zergling x4  
  125  16:12  Zergling x4  
  125  16:13  Zergling x6  
  94  16:55  Mutalisk x3, Zergling x6  
  94  16:56  Zergling x8  
  94  16:57  Drone x2  
  105  17:03  Spine Crawler  
  83  17:09  Mutalisk x3  
  82  17:22  Zergling x6  
  85  17:28  Greater Spire  
  85  17:40  Spine Crawler, Hydralisk x5  
  85  17:41  Hydralisk  
  85  17:43  Queen  
  98  17:49  Viper  
  101  17:56  Hatchery  
  99  18:04  Hydralisk x2  
  99  18:05  Mutalisk, Hydralisk  
  105  18:07  Zergling x2  
  108  18:19  Queen  
  108  18:25  Lurker x3  
  99  18:54  Queen  
  98  19:21  Hydralisk x5  
  110  19:31  Brood Lord  
  110  19:33  Drone x2  
  110  19:34  Drone x7  
  110  19:35  Drone x6  
  125  19:55  Brood Lord  
Show
View Real Time Build Order
Export as new Build Order

Massa Terran 

Build Orders: Reaper Expand 

Get SALT Encoding   

  12  0:00  SCV  
  13  0:12  SCV  
  14  0:23  Supply Depot  
  14  0:24  SCV  
  15  0:45  SCV  
  15  0:46  Barracks  
  16  0:51  Refinery  
  16  0:57  SCV  
  17  1:09  SCV  
  18  1:21  SCV  
  19  1:35  Reaper  
  19  1:37  Orbital Command  
  20  1:41  Command Center  
  20  2:02  SCV, Supply Depot  
  20  2:07  Refinery  
  21  2:13  Factory  
  21  2:14  SCV  
  22  2:27  SCV  
  23  2:39  SCV  
  23  2:43  Barracks Reactor  
  23  2:44  Supply Depot  
  24  2:47  Engineering Bay  
  24  2:51  SCV  
  25  2:53  Orbital Command  
  24  3:10  Hellion  
  25  3:21  SCV  
  25  3:22  SCV  
  27  3:33  SCV  
  28  3:36  SCV  
  28  3:40  Barracks Tech Lab, Barracks  
  29  3:44  Missile Turret  
  29  3:45  SCV  
  30  3:51  Starport  
  30  3:54  Hellion x2  
  34  4:02  Stimpack  
  34  4:06  SCV  
  34  4:07  SCV  
  36  4:13  Missile Turret  
  36  4:15  Hellion, Marine  
  36  4:16  Hellion  
  41  4:18  SCV  
  41  4:19  SCV  
  41  4:32  Marine  
  41  4:37  Hellion x2  
  44  4:54  Barracks Reactor  
  44  4:58  Hellion x2  
  48  5:04  SCV x2  
  50  5:09  Missile Turret  
  50  5:10  Starport Tech Lab  
  50  5:12  Terran Infantry Weapons Level 1  
  50  5:16  SCV  
  50  5:17  SCV  
  50  5:20  Hellion x2  
  50  5:28  SCV  
  51  5:40  SCV  
  51  5:41  SCV, Marine  
  54  5:52  Supply Depot  
  54  5:53  Supply Depot x2  
  54  5:58  Command Center  
  54  6:01  Combat Shield  
  54  6:13  SCV x2, Marauder, Raven, Marine x2, Corvid Reactor  
  54  6:14  Widow Mine x2  
  54  6:16  Supply Depot  
  66  6:24  Armory  
  68  6:25  SCV x2  
  68  6:31  Marine x2  
  70  6:34  Marine  
  71  6:48  Marine x2  
  71  6:49  Barracks  
  71  6:51  Factory Tech Lab, Barracks  
  71  6:53  Marauder  
  75  6:56  Medivac  
  75  6:57  SCV x2  
  79  7:01  Refinery x2  
  79  7:06  Marine x2  
  79  7:09  SCV x2  
  79  7:12  Hellion x2  
  79  7:14  Marauder  
  73  7:41  Marauder, Marine  
  73  7:42  Barracks Tech Lab, Marine x3  
  79  7:45  Siege Tank  
  79  7:49  Concussive Shells  
  79  7:50  SCV, Planetary Fortress  
  83  7:52  SCV  
  83  7:54  Medivac  
  83  7:56  Missile Turret  
  86  7:59  Marine x2  
  86  8:01  Engineering Bay  
  86  8:02  SCV, Marauder  
  86  8:04  SCV  
  90  8:24  Marauder  
  92  8:29  Siege Tank  
  95  8:45  Marauder  
  96  8:53  SCV x3  
  92  9:01  Siege Tank  
  81  9:05  SCV x3  
  81  9:06  Marine x6  
  87  9:12  Drilling Claws  
  86  9:23  Marine  
  86  9:24  Marine x4  
  86  9:49  Siege Tank  
  86  9:50  Raven, Marauder x2, Marine  
  86  9:52  SCV x2  
  98  9:53  SCV  
  98  9:56  Refinery x2  
  95  10:07  Factory  
  95  10:11  Marauder  
  95  10:13  Missile Turret  
  95  10:14  SCV x3  
  100  10:15  Missile Turret  
  100  10:20  Command Center  
  100  10:26  SCV  
  101  10:30  Smart Servos, Sensor Tower  
  101  10:38  Supply Depot x2  
  101  10:39  Supply Depot  
  101  10:40  Supply Depot  
  101  10:41  Terran Infantry Armor Level 1  
  101  10:42  Supply Depot x2  
  101  10:44  Supply Depot x2  
  101  10:51  SCV x3  
  95  10:57  Raven  
  95  11:03  SCV  
  98  11:14  Marine  
  98  11:15  Marine x5  
  104  11:22  Factory Reactor  
  104  11:25  Widow Mine  
  106  11:32  Marine  
  106  11:33  Marine x5  
  106  11:35  Terran Vehicle And Ship Armor Level 1  
  106  11:36  Terran Infantry Weapons Level 2  
  106  11:37  Starport  
  112  11:40  Medivac  
  112  11:46  Widow Mine  
  116  11:50  Marine  
  116  11:51  Marine x5  
  122  12:04  Missile Turret  
  122  12:06  Missile Turret  
  122  12:08  Widow Mine x2, Missile Turret x2  
  126  12:09  Missile Turret  
  126  12:13  Starport Reactor  
  126  12:20  Planetary Fortress  
  126  12:23  SCV x3  
  126  12:29  Widow Mine x2  
  133  12:35  SCV x3  
  132  12:46  Raven  
  132  12:48  Missile Turret x2  
  132  12:51  Widow Mine  
  136  12:58  Sensor Tower  
  136  13:02  Widow Mine x2  
  140  13:12  Widow Mine  
  142  13:17  Terran Infantry Armor Level 2  
  142  13:23  Widow Mine  
  144  13:30  Terran Vehicle Weapons Level 1  
  111  14:07  Marauder x2, Marine x4  
  98  14:20  Siege Tank  
  98  14:21  Widow Mine x2  
  100  14:25  Marine x3  
  100  14:28  Marauder x2  
  93  14:36  Medivac x2  
  97  14:40  Command Center  
  97  14:43  Widow Mine  
  97  14:50  Marauder x2  
  101  14:53  Siege Tank  
  103  15:04  Widow Mine  
  103  15:05  Widow Mine, Marine  
  103  15:06  Marine x3  
  111  15:11  Barracks, Marauder x2  
  115  15:17  Barracks  
  115  15:19  Barracks  
  115  15:21  Barracks x2  
  115  15:23  Marine  
  115  15:24  Marine x3  
  115  15:25  Siege Tank  
  122  15:32  Marauder  
  122  15:33  Marauder  
  126  15:41  Marine  
  126  15:42  Marine x2  
  132  15:57  Siege Tank  
  117  16:22  Barracks Reactor, Barracks Tech Lab  
  117  16:23  Barracks Reactor, Barracks Tech Lab x2  
  117  16:28  Widow Mine x2  
  117  16:29  Siege Tank  
  93  16:49  Marauder x4, Marine  
  93  16:50  Widow Mine x2, Marauder, Marine x3  
  111  17:01  Siege Tank  
  114  17:07  Marine  
  114  17:08  Marine x3  
  118  17:10  Marine x5  
  118  17:11  Widow Mine  
  125  17:25  Terran Infantry Weapons Level 3, Terran Vehicle And Ship Armor Level 2, Terran Infantry Armor Level 3  
  125  17:28  Marauder x2  
  129  17:33  Siege Tank  
  128  17:44  Refinery, Marauder x3, Marine  
  128  17:45  Marine x7  
  128  17:46  Refinery  
  128  17:47  Widow Mine x2  
  128  17:50  Marauder x2  
  145  18:01  Missile Turret  
  145  18:02  Marine, Missile Turret  
  145  18:03  Marine x3, Missile Turret  
  145  18:04  Missile Turret  
  145  18:05  Siege Tank  
  150  18:06  Marauder x3  
  150  18:09  Widow Mine  
  150  18:11  Marauder x2  
  150  18:12  Widow Mine  
  161  18:22  Marine  
  161  18:23  Marine x2  
  161  18:27  Marauder x2  
  161  18:32  Marauder x2  
  153  18:35  Planetary Fortress  
  153  18:37  Siege Tank  
  127  19:09  Command Center, Siege Tank  
  109  19:37  Marauder x4, Marine x2  
  115  19:41  Siege Tank  
  91  19:48  Marine x2  
  76  19:55  Marine x2  
  76  19:58  Marauder x2  
  76  19:59  Marauder  
Show
View Real Time Build Order
Export as new Build Order

Peace Terran 

Build Orders: Gas First Reaper Expand 

Get SALT Encoding   

  12  0:00  SCV  
  13  0:12  SCV  
  14  0:18  Supply Depot  
  14  0:24  SCV  
  15  0:30  Refinery  
  15  0:40  SCV  
  16  0:45  Barracks  
  16  0:52  SCV  
  17  1:04  SCV  
  18  1:20  SCV  
  19  1:32  Reaper  
  20  1:35  Orbital Command  
  20  1:43  Command Center  
  20  1:55  Factory  
  20  2:02  Supply Depot  
  20  2:10  SCV  
  20  2:13  Refinery  
  21  2:21  Barracks Reactor  
  21  2:23  SCV  
  22  2:35  SCV  
  23  2:44  Starport  
  23  2:52  SCV  
  24  3:04  SCV  
  25  3:09  SCV  
  30  3:12  Hellion  
  30  3:13  Hellion  
  30  3:16  SCV  
  34  3:30  Medivac  
  34  3:33  SCV, Barracks Tech Lab  
  34  3:34  Hellion x2  
  38  3:37  Orbital Command  
  38  3:45  SCV  
  39  3:53  Marine, Stimpack  
  40  3:57  SCV  
  40  3:59  Barracks  
  40  4:01  Starport Reactor  
  41  4:09  SCV, Barracks  
  42  4:12  Factory Tech Lab  
  41  4:33  Marauder, Siege Tank  
  41  4:36  Bunker  
  44  4:39  SCV x2  
  44  4:49  Bunker  
  44  4:51  SCV  
  43  4:55  Starport Reactor  
  43  4:57  Marine x2  
  43  4:59  Marine  
  46  5:04  Command Center  
  46  5:08  SCV x2  
  46  5:10  Supply Depot  
  46  5:12  Refinery  
  46  5:13  Refinery  
  44  5:16  Marine  
  45  5:24  Marine  
  46  5:31  Marine x3  
  46  5:32  Siege Tank  
  46  5:34  Engineering Bay x2  
  52  5:36  Supply Depot  
  52  5:37  Supply Depot  
  52  5:38  Combat Shield  
  52  5:41  Marine  
  53  5:51  SCV x2  
  55  6:02  Marine x5  
  55  6:03  SCV x2  
  62  6:12  Siege Tank  
  62  6:15  SCV x2  
  62  6:16  Terran Infantry Armor Level 1, Terran Infantry Weapons Level 1  
  67  6:20  Orbital Command  
  67  6:27  Medivac  
  67  6:29  Supply Depot  
  67  6:30  Medivac  
  71  6:38  SCV  
  73  6:40  SCV  
  73  6:44  Marine x2, Siege Tank  
  73  6:45  Orbital Command  
  73  6:46  Marine  
  79  6:48  Marine  
  79  6:50  SCV  
  79  6:52  SCV  
  82  7:09  SCV x2  
  82  7:11  SCV  
  82  7:14  Concussive Shells  
  85  7:18  Barracks  
  85  7:21  SCV  
  85  7:22  Barracks  
  85  7:40  Medivac x2, Siege Tank  
  85  7:41  SCV x3  
  95  7:46  Armory  
  95  7:47  Marine  
  95  7:48  Marine x4, Supply Depot  
  100  8:05  Marine x2  
  100  8:09  Barracks Tech Lab  
  100  8:10  Barracks Tech Lab, Marine x3  
  100  8:12  Siege Tank  
  107  8:14  Supply Depot  
  107  8:16  Supply Depot  
  106  8:23  Marine x2  
  107  8:27  Marine  
  107  8:28  Marine  
  109  8:36  SCV, Marine  
  109  8:37  SCV  
  107  8:54  Marauder  
  92  9:12  Marine  
  92  9:13  Marine x5  
  92  9:14  SCV x2  
  92  9:15  Marine  
  101  9:22  Siege Tank  
  101  9:23  SCV  
  105  9:30  Terran Infantry Armor Level 2, SCV x2, Terran Infantry Weapons Level 2, Marine  
  105  9:31  Marine x4  
  108  9:32  Marauder  
  108  9:35  SCV  
  110  9:42  SCV  
  108  9:56  Medivac x2, Siege Tank  
  112  10:02  Marine  
  112  10:03  Marine x6  
  112  10:06  Terran Vehicle Weapons Level 1  
  119  10:09  Refinery  
  119  10:10  Refinery  
  119  10:16  Command Center  
  119  10:17  Supply Depot  
  119  10:18  Supply Depot  
  119  10:20  Marine  
  119  10:21  Marine x3  
  120  10:22  Marauder  
  125  10:38  Marine, Medivac  
  125  10:39  Marauder, Marine, Siege Tank  
  125  10:40  Marauder  
  136  10:43  Marauder  
  136  10:45  Marine  
  120  11:00  Marine  
  120  11:01  Marine x4  
  120  11:02  Marine  
  120  11:04  Marine  
  119  11:10  Medivac  
  119  11:11  Medivac, Siege Tank  
  119  11:13  Supply Depot  
  119  11:15  Supply Depot  
  119  11:18  Marine  
  119  11:19  Marine x4  
  119  11:20  Marine  
  119  11:21  SCV x2  
  119  11:22  Marine  
  119  11:23  Barracks  
  119  11:24  Barracks  
  128  11:36  Barracks, Marine  
  128  11:37  Marine x4  
  128  11:38  Marine  
  128  11:39  Marine  
  134  11:43  Siege Tank  
  138  11:51  Missile Turret  
  138  11:53  Missile Turret  
  138  11:54  Marine x5  
  135  11:55  Missile Turret  
  135  11:56  Marine, Missile Turret  
  135  11:57  Marine  
  142  12:12  Marine x4  
  146  12:22  Marine  
  146  12:23  Marine x2  
  146  12:24  Siege Tank  
  146  12:25  Barracks Reactor x3  
  146  12:29  Marine, Missile Turret  
  152  12:30  Marine x3, Missile Turret  
  152  12:32  Missile Turret  
  152  12:33  Planetary Fortress  
  149  12:37  Missile Turret  
  149  12:41  Terran Infantry Weapons Level 3, Terran Vehicle Weapons Level 2, Terran Infantry Armor Level 3, Missile Turret  
  149  12:43  Missile Turret  
  146  12:47  Marine, Missile Turret  
  146  12:48  Marine x6  
  146  12:49  Medivac x2  
  157  12:56  Siege Tank  
  160  13:05  Marine x2  
  161  13:09  Marine x2  
  164  13:15  Command Center  
  163  13:22  Viking  
  163  13:23  Marine, Viking  
  163  13:24  Marine x4  
  172  13:31  Refinery, Factory  
  172  13:33  Marine x5  
  172  13:34  Marine x3, Siege Tank  
  174  13:52  Marauder x2  
  178  13:55  Marine  
  178  13:56  Marine x9  
  178  13:59  Marine  
  174  14:13  Marine x3  
  174  14:14  Marine x5  
  159  14:31  Marine x6  
  154  14:32  Marine x4  
  162  14:50  Marauder  
  162  14:52  Marine x6  
  166  15:01  Medivac x2, Siege Tank  
  166  15:03  Factory Tech Lab  
  173  15:11  Refinery, Command Center  
  173  15:12  SCV x2, Ghost Academy  
  175  15:27  Marine  
  175  15:28  Marine x12  
  182  15:33  Siege Tank  
  182  15:34  Medivac x2  
  195  15:37  Neosteel Armor, Hi-Sec Auto Tracking  
  195  15:38  Terran Vehicle Weapons Level 3  
  195  15:39  Missile Turret  
  195  15:40  Missile Turret  
  195  15:41  Missile Turret  
  195  15:45  Marine x2  
  195  15:46  Marauder  
  197  15:50  Sensor Tower  
  175  16:13  Marine  
  175  16:14  Marine x9  
  175  16:15  Marauder x2, Marine  
  175  16:16  Siege Tank  
  175  16:17  Medivac x2, Siege Tank  
  180  16:31  Marine  
  180  16:32  Marine  
  182  16:33  Marauder  
  132  16:54  Marine  
  132  16:55  Marine x12  
  132  16:57  Siege Tank x2  
  132  16:58  Medivac x2  
  149  17:02  Personal Cloaking  
  149  17:05  Planetary Fortress, Ghost Academy  
  149  17:08  Refinery  
  149  17:10  Refinery  
  149  17:12  Ghost, Marine x5  
  149  17:13  Marauder, Ghost  
  159  17:27  Marine  
  159  17:28  Marine x4  
  164  17:30  Marine x3  
  164  17:34  Ghost  
  169  17:41  Ghost x2  
  171  17:47  Command Center  
  171  18:05  Marine  
  172  18:06  Marine x10  
  172  18:08  Siege Tank x2  
  172  18:10  Orbital Command, Marine x2  
  190  18:12  Command Center  
  182  18:27  Enhanced Shockwaves  
  152  18:55  Liberator x2  
  140  19:01  SCV  
  130  19:16  Marine  
  131  19:17  Marine x12  
  131  19:19  Siege Tank x2  
  149  19:34  Marine  
  149  19:35  Marine x3  
  149  19:36  Marauder x2  
  149  19:38  Medivac x2  
  151  20:18  Ghost Academy  
Show
View Real Time Build Order
Export as new Build Order

MisterKoral Zerg 

Build Orders: Hatch First 

Get SALT Encoding   

  12  0:00  Drone  
  13  0:12  Overlord  
  14  0:21  Drone  
  14  0:30  Drone x2  
  14  0:34  Drone  
  17  0:54  Hatchery  
  17  0:56  Drone  
  17  0:58  Drone  
  18  1:11  Extractor  
  18  1:15  Spawning Pool  
  18  1:18  Drone  
  17  1:20  Drone  
  18  1:29  Drone  
  19  1:42  Drone  
  20  1:49  Drone  
  21  2:05  Queen x2  
  21  2:06  Drone x2  
  27  2:16  Hatchery  
  27  2:20  Metabolic Boost  
  26  2:25  Drone  
  26  2:26  Drone  
  28  2:32  Overlord  
  28  2:37  Overlord  
  28  2:50  Queen  
  30  2:54  Baneling Nest  
  29  3:02  Drone x3  
  29  3:03  Zergling x4  
  29  3:04  Zergling x2  
  35  3:15  Drone x4  
  39  3:20  Queen  
  39  3:25  Overlord  
  41  3:39  Drone x5  
  46  3:45  Drone  
  46  3:46  Spore Crawler  
  46  3:49  Spore Crawler  
  46  3:50  Queen  
  47  4:04  Baneling  
  47  4:05  Drone, Baneling  
  47  4:06  Drone x2  
  47  4:07  Drone x3  
  53  4:10  Lair  
  53  4:20  Spine Crawler  
  53  4:21  Spine Crawler, Zergling x6  
  53  4:22  Zergling x2  
  55  4:29  Spine Crawler  
  54  4:40  Roach Warren  
  54  4:43  Evolution Chamber  
  52  4:53  Zergling x12  
  58  5:13  Extractor  
  57  5:15  Extractor  
  55  5:29  Overlord x4  
  51  5:42  Zerg Ground Armor Level 1  
  51  5:45  Drone, Evolution Chamber  
  51  5:46  Overlord  
  51  5:47  Overlord  
  51  5:50  Drone x3  
  51  5:53  Drone  
  55  5:58  Hatchery  
  55  5:59  Extractor  
  55  6:01  Drone  
  55  6:03  Drone  
  55  6:05  Drone x3  
  58  6:18  Glial Reconstitution  
  58  6:29  Hatchery  
  57  6:48  Drone x2  
  57  6:49  Drone x2  
  57  6:52  Drone, Spire  
  56  7:07  Zergling x12  
  56  7:08  Zergling x6  
  63  7:15  Zerg Melee Weapons Level 1  
  63  7:16  Drone  
  57  7:40  Zergling x4  
  57  7:41  Zergling x6, Roach x3  
  57  7:44  Baneling x6  
  68  7:45  Baneling  
  68  7:46  Drone x3  
  68  7:47  Queen  
  68  7:48  Queen  
  68  7:50  Drone  
  76  7:52  Queen  
  76  7:53  Queen  
  80  8:01  Roach x2  
  80  8:02  Zergling x2, Roach  
  87  8:07  Drone x4  
  87  8:09  Zerg Flyer Weapons Level 1  
  87  8:11  Overseer  
  91  8:16  Mutalisk x3  
  97  8:25  Extractor  
  97  8:26  Extractor, Mutalisk  
  80  8:45  Overseer  
  70  8:52  Zergling x2  
  70  8:53  Zergling x28  
  81  9:03  Drone  
  82  9:10  Drone x2  
  82  9:11  Drone  
  82  9:13  Hatchery, Mutalisk  
  81  9:24  Drone x2  
  81  9:25  Drone  
  81  9:31  Zergling x4  
  85  9:34  Baneling x2  
  85  9:35  Baneling x3  
  85  9:36  Mutalisk x2  
  90  9:41  Zerg Ground Armor Level 2, Zerg Melee Weapons Level 2  
  87  10:05  Mutalisk x2  
  87  10:06  Mutalisk  
  93  10:09  Drone x6  
  99  10:18  Baneling x6  
  99  10:19  Baneling  
  99  10:32  Hatchery  
  98  10:37  Mutalisk  
  98  10:38  Mutalisk  
  98  10:40  Zergling x2  
  98  10:41  Zergling x14  
  110  10:51  Infestation Pit  
  110  10:53  Zerg Flyer Weapons Level 2  
  110  10:56  Drone x2  
  111  10:57  Overlord x4  
  111  11:00  Extractor  
  110  11:06  Hatchery  
  102  11:19  Mutalisk x3  
  102  11:20  Mutalisk  
  102  11:22  Zergling x2  
  102  11:23  Zergling x20  
  121  11:28  Centrifical Hooks  
  121  11:44  Hive  
  121  11:48  Spore Crawler  
  121  11:52  Spore Crawler  
  119  12:00  Baneling x2  
  119  12:01  Baneling x2, Zergling x2  
  119  12:02  Zergling x8  
  120  12:11  Spore Crawler  
  120  12:12  Mutalisk, Spore Crawler  
  120  12:13  Mutalisk x4  
  120  12:21  Mutalisk  
  122  12:27  Zergling x6  
  125  12:33  Drone x13  
  125  12:34  Drone x4  
  142  12:47  Mutalisk x3  
  148  13:04  Overlord x6  
  148  13:10  Adrenal Glands  
  148  13:11  Ultralisk Cavern  
  147  13:25  Mutalisk x3  
  147  13:26  Mutalisk  
  122  13:51  Zergling x10  
  122  13:52  Zergling x12  
  122  13:53  Zergling x10  
  122  13:54  Zergling x10, Roach x4  
  122  13:55  Zergling x2, Roach x2  
  114  14:10  Zergling x4, Ultralisk x2  
  114  14:14  Overseer x2  
  107  14:38  Zerg Melee Weapons Level 3, Zerg Ground Armor Level 3  
  107  14:43  Drone x2  
  107  14:44  Drone  
  107  14:45  Extractor  
  109  14:46  Baneling x2  
  109  14:47  Baneling x3  
  109  14:54  Drone x3  
  109  14:55  Drone x14  
  109  14:56  Queen  
  109  14:57  Queen  
  129  15:17  Hydralisk Den  
  136  15:21  Ultralisk x2, Roach  
  136  15:22  Zergling x6  
  136  15:25  Baneling x3  
  145  15:39  Zergling x14  
  145  15:40  Zergling x8  
  145  15:42  Roach x3  
  162  15:46  Extractor  
  162  15:48  Extractor, Spore Crawler  
  162  15:49  Spore Crawler  
  158  16:09  Spore Crawler  
  158  16:11  Hydralisk x7, Roach x2  
  157  16:12  Roach x6  
  186  16:30  Zerg Flyer Weapons Level 3  
  186  16:33  Lurker Den  
  186  16:34  Pathogen Glands  
  185  16:41  Zergling x2  
  185  16:42  Overlord x3  
  180  17:06  Hydralisk x5  
  180  17:07  Hydralisk x5  
  198  17:09  Viper x2  
  198  17:15  Zerg Missile Weapons Level 1  
  193  17:19  Viper  
  193  17:20  Viper  
  199  17:26  Evolution Chamber  
  199  17:27  Zergling x4  
  199  17:28  Evolution Chamber  
  198  17:30  Neural Parasite  
  198  17:31  Seismic Spines  
  198  17:34  Baneling x2  
  198  17:35  Baneling x5  
  198  17:36  Baneling x4  
  198  17:44  Overseer x2  
  198  17:46  Pneumatized Carapace  
  171  18:24  Zergling x4  
  171  18:25  Zergling x40  
  191  18:28  Adaptive Talons  
  191  18:31  Hatchery  
  191  18:32  Extractor  
  189  18:49  Baneling x5  
  189  18:51  Ultralisk  
  195  19:03  Drone  
  195  19:04  Drone x2  
  198  19:16  Overlord x2  
  198  19:17  Overlord  
  192  19:40  Overseer  
  192  19:46  Nydus Network  
Tags
 
Add a new tag
Caveats
  • Supply blocks, unpowered buildings, or Contaminate may cause inaccurate times.
  • Supply counts are checked every 10 seconds.